 Dungeon Crawl Stone Soup version 0.20.0-14-g326068f (webtiles) character file.

174 skittles the Firebug (level 5, 0/38 HPs)
             Began as a Draconian Fire Elementalist on June 8, 2017.
             Was an Initiate of Vehumet.
             Slain by Grinder (3 damage)
             ... on level 3 of the Dungeon.
             The game lasted 00:09:41 (4502 turns).

skittles the Firebug (Draconian Fire Elementalist)  Turns: 4502, Time: 00:09:42

Health: 0/38       AC:  6    Str: 10    XL:     5   Next: 28%
Magic:  0/8        EV: 12    Int: 17    God:    Vehumet [......]
Gold:   158        SH:  0    Dex: 11    Spells: 0/8 levels left

rFire    . . .     SeeInvis .   w - +1 dagger (venom)
rCold    . . .     Gourm    .   (no shield)
rNeg     + . .     Faith    .   (armour unavailable)
rPois    .         Spirit   .   (helmet restricted)
rElec    .         Reflect  .   (no cloak)
rCorr    .         Harm     .   (no gloves)
MR       .....                  l - +0 pair of boots
Stlth    ++........             (no amulet)
Regen    0.2/turn               e - ring of positive energy
MPRegen  0.2/turn               (no ring)

@: no status effects
A: unfitting armour, cold-blooded, AC +5
a: Renounce Religion


You were on level 3 of the Dungeon.
You worshipped Vehumet.
Vehumet was noncommittal.
You were not hungry.

You visited 1 branch of the dungeon, and saw 3 of its levels.

You collected 158 gold pieces.

Inventory:

Hand Weapons
 o - a +0 spear
 w - a +1 dagger of venom (weapon)
Armour
 l - a +0 pair of boots (worn)
Jewellery
 e - a ring of positive energy (left hand)
Scrolls
 d - a scroll of teleportation
 g - 4 scrolls of remove curse
 t - a scroll of identify
 v - a scroll of magic mapping
Potions
 f - a potion of cancellation
 h - a potion of magic {unknown}
 i - a potion of might {unknown}
 j - a potion of berserk rage {unknown}
 m - a potion of curing
 n - a potion of heal wounds {unknown}
 p - a potion of degeneration {unknown}
 s - a potion of experience {unknown}
 u - a potion of flight {unknown}
Books
 a - a book of Flames

   Spells                             Type                      Level
   a - Flame Tongue                   Conjuration/Fire             1
   b - Throw Flame                    Conjuration/Fire             2
   c - Conjure Flame                  Conjuration/Fire             3
   d - Inner Flame                    Hexes/Fire                   3
   e - Sticky Flame                   Conjuration/Fire             4
   f - Fireball                       Conjuration/Fire             5
Comestibles
 b - 4 bread rations
 c - a meat ration
 k - a chunk of flesh
 q - 4 fruits
 r - a royal jelly


   Skills:
 - Level 1.7 Dodging
 - Level 1.7 Stealth
 - Level 2.0 Spellcasting
 + Level 3.8 Conjurations
 + Level 4.6 Fire Magic


You couldn't memorise any spells.
You knew the following spells:

 Your Spells              Type           Power        Failure   Level  Hunger
a - Flame Tongue          Conj/Fire      ###..        3%          1    #......
b - Conjure Flame         Conj/Fire      ###.....     10%         3    ###....
c - Sticky Flame          Conj/Fire      ###.....     32%         4    #####..


Dungeon Overview and Level Annotations

Branches:
Dungeon (3/15)

Altars:
Ashenzari
Kikubaaqudgha
Uskayaw
Vehumet

Annotations:
D:3 Grinder


Innate Abilities, Weirdness & Mutations

Your plain brown scales are hard. (AC +5)
You cannot fit into any form of body armour.
You are cold-blooded and may be slowed by cold attacks.


Message History

Aim: Grinder (almost dead)
The flame tongue misses Grinder.
Grinder barely misses you.
You barely miss Grinder.
Your tail-slap misses Grinder.
Grinder is almost dead.
Grinder hits you but does no damage.
You hit Grinder but do no damage.
Grinder is almost dead.
Grinder hits you!
You writhe in agony.
* * * LOW HITPOINT WARNING * * *
You hit Grinder but do no damage.
Grinder is almost dead.
Grinder blinks!
You see here a war axe.
Grinder misses you.
You hit Grinder.
Grinder is almost dead.
Grinder hits you!
* * * LOW HITPOINT WARNING * * *
You writhe in agony.
You die...

.....######.##....#
..>#.######.##.##.#
.#.#........#####.#
.#.##########.....###.#
...# #.###..†..# .### #
#.##### # #[###...#
#.(..)#.# ####@##.#
#5...# ######


You could see Grinder.

Vanquished Creatures
  Robin (D:2)
  7 adders
  4 worms (D:2)
  2 dart slugs
  4 leopard geckos
  4 orcs
  6 bats
  A giant cockroach (D:1)
  15 goblins
  14 hobgoblins
  2 jackals (D:3)
  A ball python (D:3)
  A frilled lizard (D:1)
  6 kobolds
  9 rats
77 creatures vanquished.

Notes
Turn   | Place    | Note
-------+----------+-------------------------------------------
     0 | D:1      | skittles the Draconian Fire Elementalist began the quest for the Orb.
     0 | D:1      | Reached XP level 1. HP: 14/14 MP: 3/3
   391 | D:1      | Reached XP level 2. HP: 15/20 MP: 0/5
  1465 | D:2      | Reached XP level 3. HP: 24/26 MP: 1/6
  1770 | D:2      | Reached skill level 4 in Fire Magic
  2084 | D:2      | Reached XP level 4. HP: 33/33 MP: 0/7
  2499 | D:2      | Found an ancient bone altar of Kikubaaqudgha.
  2501 | D:2      | Found a radiant altar of Vehumet.
  2516 | D:2      | Became a worshipper of Vehumet
  3310 | D:3      | Learned a level 3 spell: Conjure Flame
  3317 | D:3      | Found a hide-covered altar of Uskayaw.
  3528 | D:3      | Found a shattered altar of Ashenzari.
  3541 | D:3      | Noticed Robin
  3654 | D:2      | Killed Robin
  3654 | D:2      | Reached XP level 5. HP: 13/38 MP: 0/8
  4345 | D:3      | Learned a level 4 spell: Sticky Flame
  4434 | D:3      | Noticed Grinder
  4492 | D:3      | Paralysed by Grinder for 4 turns
  4502 | D:3      | Slain by Grinder

Skill      XL: |  1  2  3  4 |
---------------+-------------+-----
Conjurations   | 2 3 |  3.8
Fire Magic     | 4 |  4.6
Dodging        | |  1.7
Stealth        | |  1.7
Spellcasting   | |  2.0

Action                   |  1- 3 |  4- 6 || total
-------------------------+-------+-------++-------
Melee: Dagger            |    44 |    17 ||    61
       Unarmed           |     4 |       ||     4
       Tailslap          |    10 |    16 ||    26
       Whip              |     3 |       ||     3
       Flail             |    22 |   111 ||   133
       Spear             |    14 |       ||    14
 Cast: Flame Tongue      |    46 |    40 ||    86
       Sticky Flame      |       |     2 ||     2
  Use: Scroll            |     4 |     1 ||     5
       Potion            |       |     2 ||     2
 Stab: Distracted        |     1 |       ||     1
       Sleeping          |     1 |     2 ||     3
  Eat: Chunk             |     4 |     9 ||    13
Armor: Skin              |    48 |    72 ||   120
Dodge: Dodged            |    71 |   137 ||   208
